 Dungeon Crawl Stone Soup version 0.24.0-37-gcf1ca852f1 (webtiles) character file.

Game seed: 10776761084804817901, levelgen mode: deterministic

281 Iamsoldier the Charmwright (level 6, -1/50 HPs)
             Began as a Gnoll Skald on Dec 9, 2019.
             Slain by Pikel
             ... wielding a +0 whip of flaming
              (3 damage)
             ... on level 3 of the Dungeon.
             The game lasted 00:09:00 (3619 turns).

Iamsoldier the Charmwright (Gnoll Skald)            Turns: 3619, Time: 00:09:00

Health: -1/50      AC:  5    Str: 14    XL:     6   Next: 27%
Magic:  4/14       EV: 14    Int: 16    God:
Gold:   167        SH:  0    Dex: 15    Spells: 6/15 levels left

rFire    . . .     SeeInvis .   a - +0 spear
rCold    . . .     Gourm    .   (no shield)
rNeg     . . .     Faith    .   i - +0 troll leather armour {Purgy}
rPois    .         Spirit   .   t - +0 helmet
rElec    .         Reflect  .   (no cloak)
rCorr    .         Harm     .   (no gloves)
MR       .....                  (no boots)
Stlth    ++........             (no amulet)
HPRegen  0.56/turn              (no ring)
MPRegen  0.14/turn              (no ring)

@: no status effects
A: distributed training, fangs 1, strong nose
a: no special abilities


You were on level 3 of the Dungeon.
You were very hungry.

You visited 1 branch of the dungeon, and saw 4 of its levels.
You also visited: Sewer.

You collected 167 gold pieces.

Inventory:

Hand Weapons
 a - a +0 spear (weapon)
Armour
 i - a +0 troll leather armour (worn) {Purgy}
 t - a +0 helmet (worn)
Scrolls
 g - a scroll of remove curse
 h - a scroll of enchant armour
 p - 3 scrolls of teleportation
 r - a scroll of identify
Potions
 b - a potion of cancellation
 c - a potion of invisibility
 e - a potion of resistance
 f - a potion of agility {unknown}
 j - 3 potions of curing
 k - a potion of lignification {unknown}
 n - a potion of heal wounds {unknown}
 o - a potion of mutation {unknown}
 q - a potion of might {unknown}
Comestibles
 d - 6 rations


   Skills:
 + Level 4.9 Fighting
 + Level 1.8 Short Blades
 + Level 1.8 Long Blades
 + Level 1.8 Axes
 + Level 1.8 Maces & Flails
 + Level 4.9 Polearms
 + Level 1.8 Staves
 + Level 1.8 Slings
 + Level 1.8 Bows
 + Level 1.8 Crossbows
 + Level 1.8 Throwing
 + Level 3.2 Armour
 + Level 4.9 Dodging
 + Level 1.8 Stealth
 + Level 1.8 Shields
 + Level 1.8 Unarmed Combat
 + Level 5.3 Spellcasting
 + Level 1.4 Conjurations
 + Level 1.4 Hexes
 + Level 5.6 Charms
 + Level 1.4 Summonings
 + Level 1.4 Necromancy
 + Level 1.4 Translocations
 + Level 1.4 Transmutations
 + Level 1.4 Fire Magic
 + Level 1.4 Ice Magic
 + Level 1.4 Air Magic
 + Level 1.4 Earth Magic
 + Level 1.4 Poison Magic
 + Level 2.0 Invocations
 + Level 1.8 Evocations


You had 6 spell levels left.
You knew the following spells:

 Your Spells              Type           Power        Failure   Level  Hunger
a - Infusion              Chrm           ###.         1%          1    None
b - Shroud of Golubria    Chrm/Tloc      ###...       6%          2    #......
c - Spectral Weapon       Hex/Chrm       ###.....     13%         3    ###....
d - Regeneration          Chrm/Necr      ###.......   13%         3    ###....

Your spell library contained the following spells:

 Spells                   Type           Power        Failure   Level  Hunger
 Song of Slaying          Chrm           ###.....     2%          2    #......


Dungeon Overview and Level Annotations

Branches:
Dungeon (4/15)              Sewer (visited)
 Temple: D:4-7

Altars:

Annotations:
D:3 Pikel


Innate Abilities, Weirdness & Mutations

Your experience applies equally to all skills.
You have very sharp teeth.
Your uncanny sense of smell can sniff out nearby items.


Message History

You closely miss Pikel.
Pikel is lightly wounded.
Your spectral weapon hits Pikel.
The quokka closely misses you. The slave misses you.
Pikel hits you but does no damage. The quokka barely misses you.
You closely miss Pikel.
Pikel is moderately wounded.
Your spectral weapon hits Pikel but does no damage.
The quokka bites you. The slave hits you. Pikel barely misses you.
You closely miss Pikel.
Pikel is moderately wounded.
Your spectral weapon barely misses Pikel.
The phantom hits you.
The phantom blinks!
The quokka barely misses you. The slave hits you!
* * * LOW HITPOINT WARNING * * *
It was a potion of cancellation.
You feel magically purged.
Pikel hits you with a +0 whip of flaming!
* * * LOW HITPOINT WARNING * * *
Pikel burns you.
You die...

.......[...........#....(#.#..'..
#......#........##.#.....#....#..
#........................#...###.
##..............##.............##
####...#.........#..............#
.................................
.................................
...............r......##.........
...........W..(K@§....##.........
..........####.p####.###........#
..[............p.# #.# #.........
...............>.# #.# ###.###.#.
......#...######.# #.# #.# #.#÷
#'######### #....# #.# #.# #.#.
#.# #.######.# #.# #.#. #.#
#........# #.# #.#. #.#
########## #.###.#.


You could see Pikel, a phantom, 2 slaves, a quokka and a friendly spectral +0
spear.

Vanquished Creatures
  Purgy (Sewer)
  2 slaves (D:3)
  A centaur (D:3)
  An adder (D:2)
  A river rat (D:3)
  An ooze (D:1)
  A worm (D:2)
  3 dart slugs (D:2)
  4 leopard geckos
  An orc (D:3)
  4 giant cockroaches
  12 goblins
  4 hobgoblins
  2 jackals (D:2)
  2 quokkas (D:2)
  3 ball pythons
  8 bats
  2 frilled lizards
  10 kobolds
  5 rats
68 creatures vanquished.

Vanquished Creatures (others)
  A spectral weapon (D:3)
1 creature vanquished.

Grand Total: 69 creatures vanquished

Notes
Turn   | Place    | Note
-------+----------+-------------------------------------------
     0 | D:1      | Iamsoldier the Gnoll Skald began the quest for the Orb.
     0 | D:1      | Reached XP level 1. HP: 20/20 MP: 6/6
   286 | D:1      | Reached XP level 2. HP: 26/26 MP: 7/7
   632 | D:1      | Reached XP level 3. HP: 31/31 MP: 9/9
   716 | D:1      | Reached skill level 5 in Spellcasting
   945 | D:1      | Learned a level 2 spell: Shroud of Golubria
   949 | D:1      | Learned a level 3 spell: Spectral Weapon
   953 | D:1      | Learned a level 3 spell: Regeneration
  1279 | D:2      | Reached skill level 1 in Invocations
  1601 | D:2      | Reached skill level 1 in Short Blades
  1601 | D:2      | Reached skill level 1 in Long Blades
  1601 | D:2      | Reached skill level 1 in Axes
  1601 | D:2      | Reached skill level 1 in Maces & Flails
  1601 | D:2      | Reached skill level 1 in Staves
  1601 | D:2      | Reached skill level 1 in Slings
  1601 | D:2      | Reached skill level 1 in Bows
  1601 | D:2      | Reached skill level 1 in Crossbows
  1601 | D:2      | Reached skill level 1 in Throwing
  1601 | D:2      | Reached skill level 1 in Stealth
  1601 | D:2      | Reached skill level 1 in Shields
  1601 | D:2      | Reached skill level 1 in Unarmed Combat
  1601 | D:2      | Reached skill level 1 in Evocations
  1682 | D:2      | Reached XP level 4. HP: 26/38 MP: 11/11
  2259 | D:3      | Found a glowing drain.
  2301 | Sewer    | Entered a sewer
  2432 | Sewer    | Noticed Purgy
  2446 | Sewer    | Killed Purgy
  2446 | Sewer    | Reached skill level 1 in Conjurations
  2446 | Sewer    | Reached skill level 1 in Hexes
  2446 | Sewer    | Reached skill level 1 in Summonings
  2446 | Sewer    | Reached skill level 1 in Necromancy
  2446 | Sewer    | Reached skill level 1 in Translocations
  2446 | Sewer    | Reached skill level 1 in Transmutations
  2446 | Sewer    | Reached skill level 1 in Fire Magic
  2446 | Sewer    | Reached skill level 1 in Ice Magic
  2446 | Sewer    | Reached skill level 1 in Air Magic
  2446 | Sewer    | Reached skill level 1 in Earth Magic
  2446 | Sewer    | Reached skill level 1 in Poison Magic
  2446 | Sewer    | Reached XP level 5. HP: 12/43 MP: 1/12
  2909 | D:3      | Noticed a centaur
  2921 | D:3      | Killed a centaur
  2921 | D:3      | Reached XP level 6. HP: 49/50 MP: 8/14
  3415 | D:4      | Noticed Pikel
  3415 | D:4      | Noticed a slave
  3415 | D:4      | Noticed a slave
  3415 | D:4      | Noticed a slave
  3415 | D:4      | Noticed a slave
  3415 | D:4      | Noticed a phantom
  3431 | D:3      | Killed a slave
  3442 | D:3      | Killed a slave
  3619 | D:3      | HP: 2/50 [Pikel/+0 whip of flaming (7)]
  3619 | D:3      | Slain by Pikel

Levels and vault maps discovered:
D:1:      zelgadis_glass_arrival_small, layout_loops_corners
D:2:      layout_basic
D:3:      layout_basic, portal_sewer_entry_c, dk_noncrumbling_3
D:4:      layout_loops_ring, grunt_temple_overflow_holy_war, elyvilon_altar_1,
          nicolae_dithmenos_through_a_glass_darkly, first_ration,
          grunt_ministairs_10, uniq_crazy_yiuf_cottage, uniq_robin, uniq_edmund,
          uniq_pikel

Skill      XL: |  1  2  3  4  5 |
---------------+----------------+-----
Spellcasting   | 5 |  5.3
Invocations    | 1 2 |  2.0
Short Blades   | 1 |  1.8
Long Blades    | 1 |  1.8
Axes           | 1 |  1.8
Maces & Flails | 1 |  1.8
Staves         | 1 |  1.8
Slings         | 1 |  1.8
Bows           | 1 |  1.8
Crossbows      | 1 |  1.8
Throwing       | 1 |  1.8
Stealth        | 1 |  1.8
Shields        | 1 |  1.8
Unarmed Combat | 1 |  1.8
Evocations     | 1 |  1.8
Armour         | 3 |  3.2
Conjurations   | 1 |  1.4
Hexes          | 1 |  1.4
Summonings     | 1 |  1.4
Necromancy     | 1 |  1.4
Translocations | 1 |  1.4
Transmutations | 1 |  1.4
Fire Magic     | 1 |  1.4
Ice Magic      | 1 |  1.4
Air Magic      | 1 |  1.4
Earth Magic    | 1 |  1.4
Poison Magic   | 1 |  1.4
Fighting       | |  4.9
Polearms       | |  4.9
Dodging        | |  4.9
Charms         | |  5.6

Action                   |  1- 3 |  4- 6 || total
-------------------------+-------+-------++-------
Melee: Spear             |   170 |   133 ||   303
       Bite              |    17 |    14 ||    31
       Punch             |       |     1 ||     1
 Cast: Infusion          |     2 |     3 ||     5
       Shroud of Golubri |       |     6 ||     6
       Spectral Weapon   |       |     6 ||     6
       Regeneration      |       |     1 ||     1
  Use: Scroll            |       |    10 ||    10
       Potion            |       |     1 ||     1
 Stab: Sleeping          |     3 |     4 ||     7
  Eat: Chunk             |     2 |     6 ||     8
Armor: Leather armour    |    28 |     7 ||    35
       Troll leather arm |       |    25 ||    25
Dodge: Dodged            |   150 |   129 ||   279
